 Dungeon Crawl Stone Soup version 0.30.1-3-gfc49f6343a (webtiles) character file.

Game seed: 11762538094705102160

7525 Anriel the Carver (level 11, 0/79 HPs)
             Began as a Human Gladiator on Aug 4, 2023.
             Was a Believer of Okawaru.
             Slain by an acid dragon (5 damage)
             ... on level 9 of the Dungeon.
             The game lasted 00:43:40 (6852 turns).

Anriel the Carver (Human Gladiator)                 Turns: 6852, Time: 00:43:40

Health: 0/79       AC:  2    Str: 12    XL:     11   Next: 38%
Magic:  15/15      EV: 17    Int:  7    God:    Okawaru [**....]
Gold:   67         SH:  0    Dex: 27    Spells: 10/10 levels left

rFire   . . .        a - +1 long sword (vamp)
rCold   . . .        (no shield)
rNeg    . . .        i - +1 ring mail of Taymiygg {Regen+ Dex+4}
rPois   .            l - +0 helmet
rElec   .            A - +0 cloak
rCorr   .            (no gloves)
SInv    .            (no boots)
Will    +....        (no amulet)
Stlth   +            b - ring of willpower
HPRegen 1.13/turn    f - +4 ring of protection
MPRegen 0.14/turn

%: no passive effects
@: corroded
A: talons 1, agile 1, high MP 1, weak 1, subdued magic 1
a: Renounce Religion, Heroism


You were on level 9 of the Dungeon.
You worshipped Okawaru.
Okawaru was pleased with you.
You visited 1 branch of the dungeon, and saw 9 of its levels.
You also visited: Sewer.

You collected 679 gold pieces.
You spent 612 gold pieces at shops.

Inventory:

Hand Weapons
 a - a +1 vampiric long sword (weapon)
Missiles
 k - 6 javelins (quivered)
 t - 2 throwing nets
 B - 3 silver boomerangs
Armour
 i - the +1 ring mail of Taymiygg (worn) {Regen+ Dex+4}
   (You found it in a sewer)

   Dex:       It affects your dexterity (+4).
   Regen:     It increases your rate of health regeneration.
 l - a +0 helmet (worn)
 A - a +0 cloak (worn)
 C - a +0 plate armour
Jewellery
 b - a ring of willpower (left hand)
 d - a ring of see invisible
 f - a +4 ring of protection (right hand)
 h - a ring of protection from cold
 u - a ring of magical power
 z - an amulet of faith
Wands
 s - a wand of iceblast (4)
 w - a wand of mindburst (8)
Scrolls
 e - 3 scrolls of identify
 j - 9 scrolls of teleportation
 m - 2 scrolls of blinking
 o - 4 scrolls of fog
 p - 2 scrolls of amnesia
 q - a scroll of fear
 v - a scroll of immolation
 y - 2 scrolls of poison
Potions
 c - 2 potions of flight
 n - a potion of haste
 r - 2 potions of brilliance
 x - a potion of lignification


   Skills:
 - Level 5.1 Fighting
 + Level 8.7 Long Blades
 - Level 7.8 Throwing
 - Level 7.5 Armour
 - Level 7.6 Dodging
 * Level 4.2 Invocations
 * Level 3.9 Evocations


You had 10 spell levels left.
You didn't know any spells.
Your spell library contained the following spells:

 Spells                   Type           Power      Damage    Failure   Level
 Apportation              Tloc           0%         N/A       63%         1
 Kiss of Death            Conj/Necr      0%         2d5       63%         1
 Magic Dart               Conj           0%         1d3       63%         1
 Necrotise                Necr           0%         1d4       63%         1
 Searing Ray              Conj           0%         2d4       77%         2
 Fulminant Prism          Conj/Hex       0%         3d5       100%        4
 Manifold Assault         Tloc           0%         N/A       100%        4
 Alistair's Intoxication  Tmut/Pois      0%         N/A       100%        5
 Conjure Ball Lightning   Conj/Air       0%         3x3d6     100%        6
 Dispersal                Tloc           0%         N/A       100%        6
 Discord                  Hex            0%         N/A       100%        8
 Disjunction              Tloc           0%         N/A       100%        8


Dungeon Overview and Level Annotations

Branches:
Dungeon (9/15)             Temple (0/1) D:7           Sewer (visited)
   Lair: D:8-11         Orc: D:9-12

Altars:
Hepliaklqana
Kikubaaqudgha
Okawaru
Uskayaw

Shops:
D:5 *   D:9 !

Annotations:
D:8 1 transporter
D:9 1 transporter


Innate Abilities, Weirdness & Mutations

You have sharp toenails.
You are agile. (Dex +4, Str/Int -1)
You have an increased reservoir of magic. (+10% MP)
You are weak. (Str -2)
Your spells are a little easier to cast, but a little less powerful.


Message History

You slash the acid dragon!
You feel better.
Your kick misses the acid dragon.
The acid dragon is severely wounded.
The acid dragon spits acid at you. The splash of acid hits you!!
* * * LOW HITPOINT WARNING * * *
The acid corrodes you!
You barely miss the acid dragon.
The acid dragon is severely wounded.
The acid dragon misses you. The acid dragon closely misses you.
You barely miss the acid dragon.
The acid dragon is severely wounded.
The acid dragon bites you!
* * * LOW HITPOINT WARNING * * *
The acid dragon closely misses you.
You feel better. The acid dragon spits acid at you.
The splash of acid hits you.
* * * LOW HITPOINT WARNING * * *
The acid corrodes you!
You feel better. The acid dragon spits acid at you.
The splash of acid misses you.
You hit the acid dragon but do no damage.
The acid dragon is severely wounded.
You hit the acid dragon but do no damage.
You claw the acid dragon, but do no damage.
The acid dragon is severely wounded.
The acid dragon completely misses you. The acid dragon claws you.
You hit the acid dragon.
You claw the acid dragon, but do no damage.
The acid dragon is almost dead.
The acid dragon spits acid at you. The splash of acid hits you!!
* * * LOW HITPOINT WARNING * * *
The acid corrodes you!
Aiming: Mindburst
Press: ? - help, Shift-Dir - straight line, f - acid dragon
Aim: an acid dragon (almost dead, chance to affect: 78%)
The acid dragon barely resists.
The acid dragon bites you.
You die...

#.##>.#.###.......
#.#...#.##........
#.......['..>.....
#.......##........
#.##.######.......
#.#### ##.....#
#.# ##...## #.#
##'## #@# .# #D#
.# #.# ... * * ,
..., , #...# * ..
##### #.# #.# #.#


You could see an acid dragon.

Vanquished Creatures
  A two-headed ogre (D:9)
  Pikel (D:5)
  Joseph (D:7)
  An unseen horror (D:8)
  A troll (D:7)
  Prince Ribbit (D:5)
  Grinder (D:6)
  2 wyverns
  9 yaks
  2 acid dragons
  Duvessa (D:5)
  2 ice beasts (D:5)
  A sky beast (D:7)
  2 black bears
  An orc warrior (D:9)
  2 ogres
  5 centaurs
  A phantom (D:5)
  3 kobold brigands
  A gnoll sergeant (D:6)
  4 scorpions
  7 wights
  Dowan (D:5)
  3 killer bees (D:8)
  A howler monkey (D:6)
  2 jellies
  5 hounds
  6 iguanas
  3 orc priests (D:9)
  4 orc wizards
  A malarious merfolk avatar (Sewer)
  A sickly merfolk siren (Sewer)
  Robin (D:2)
  10 gnolls
  9 adders
  2 river rats (Sewer)
  2 white imps
  3 worms
  4 dart slugs
  18 orcs
  2 bats (D:2)
  5 endoplasms
  6 giant cockroaches
  17 goblins
  9 hobgoblins
  21 kobolds
  2 quokkas (Sewer)
  6 ball pythons
  7 frilled lizards
  21 rats
222 creatures vanquished.

Vanquished Creatures (others)
  Maurice (D:8)
1 creature vanquished.

Grand Total: 223 creatures vanquished

Notes
Turn   | Place    | Note
-------+----------+-------------------------------------------
     0 | D:1      | Anriel the Human Gladiator began the quest for the Orb.
     0 | D:1      | Reached XP level 1. HP: 16/16 MP: 1/1
    89 | D:1      | Reached XP level 2. HP: 20/22 MP: 2/2
   247 | D:1      | Reached skill level 1 in Armour
   671 | D:2      | Reached XP level 3. HP: 27/27 MP: 3/3
   676 | D:2      | Found a faded altar of an unknown god.
   785 | D:2      | Noticed Robin
   838 | D:2      | Reached XP level 4. HP: 17/34 MP: 4/4
   845 | D:2      | Killed Robin
  1437 | D:3      | Reached XP level 5. HP: 17/39 MP: 5/5
  2127 | D:4      | Found an ancient bone altar of Kikubaaqudgha.
  2164 | D:4      | Noticed a black bear
  2178 | D:4      | Killed a black bear
  2179 | D:4      | Reached XP level 6. HP: 45/47 MP: 6/6
  2273 | D:4      | Reached skill level 4 in Long Blades
  2339 | D:4      | Found a glowing drain.
  2377 | Sewer    | Entered a sewer
  2399 | Sewer    | Gained mutation: You have hidden genetic potential. [potion
                  | of mutation]
  2399 | Sewer    | Gained mutation: You occasionally shout uncontrollably at
                  | your foes. [potion of mutation]
  2399 | Sewer    | Gained mutation: You have an increased reservoir of magic.
                  | (+10% MP) [potion of mutation]
  2619 | Sewer    | Reached XP level 7. HP: 52/52 MP: 7/7
  2678 | Sewer    | Identified the +1 ring mail of Taymiygg {Regen+ Dex+4}
  3263 | D:5      | Entered Level 5 of the Dungeon
  3341 | D:5      | Noticed Pikel
  3378 | D:5      | Killed Pikel
  3379 | D:5      | Reached XP level 8. HP: 51/61 MP: 8/8
  3431 | D:5      | Reached skill level 5 in Fighting
  3431 | D:5      | Reached skill level 5 in Long Blades
  3431 | D:5      | Reached skill level 5 in Dodging
  3521 | D:5      | Found Putit's General Store.
  3525 | D:5      | Bought a scroll of identify for 22 gold pieces
  3525 | D:5      | Bought a ring of see invisible for 165 gold pieces
  3525 | D:5      | Bought a potion of curing for 33 gold pieces
  3525 | D:5      | Bought a scroll of fear for 44 gold pieces
  3605 | D:5      | Noticed Duvessa
  3605 | D:5      | Noticed Dowan
  3632 | D:5      | Reached skill level 5 in Armour
  3638 | D:5      | Killed Duvessa
  3649 | D:5      | Killed Dowan
  3873 | D:5      | Reached XP level 9. HP: 66/68 MP: 9/9
  4009 | D:5      | Gained mutation: Your flesh is cold resistant. (rC+)
                  | [hidden potential]
  4123 | D:5      | Noticed Prince Ribbit
  4144 | D:5      | Killed Prince Ribbit
  4341 | D:6      | Reached skill level 6 in Long Blades
  4349 | D:6      | Reached skill level 5 in Throwing
  4349 | D:6      | Noticed Grinder
  4381 | D:6      | Killed Grinder
  4922 | D:7      | Noticed a troll
  4940 | D:7      | Killed a troll
  4941 | D:7      | Reached XP level 10. HP: 34/74 MP: 11/11
  4957 | D:7      | Got Beginning Occult Knowledge
  5003 | D:7      | Gained mutation: You possess an exceptional clarity of
                  | mind. [hidden potential]
  5003 | D:7      | Lost mutation: You have hidden genetic potential. [hidden
                  | potential expressed]
  5235 | D:7      | Noticed Joseph
  5377 | D:7      | Reached skill level 7 in Long Blades
  5443 | D:7      | Found an iron altar of Okawaru.
  5453 | D:7      | Became a worshipper of Warmaster Okawaru
  5488 | D:7      | Found a staircase to the Ecumenical Temple.
  5537 | D:7      | Killed Joseph
  5676 | D:8      | Found a transporter.
  5678 | D:8      | Found a transporter.
  5706 | D:8      | Found a transporter.
  5707 | D:8      | Found a transporter.
  5801 | D:8      | Found a hazy altar of Hepliaklqana.
  5801 | D:8      | Found a hide-covered altar of Uskayaw.
  5869 | D:8      | Noticed Maurice
  5895 | D:8      | Killed Maurice
  5949 | D:8      | Reached * piety under Okawaru
  5959 | D:8      | Found a transporter.
  5961 | D:8      | Found a transporter.
  6000 | D:8      | Reached skill level 8 in Long Blades
  6057 | D:8      | Noticed an unseen horror
  6077 | D:8      | Killed an unseen horror
  6078 | D:8      | Reached XP level 11. HP: 77/79 MP: 12/12
  6337 | D:9      | Found Tirysch's Distillery.
  6398 | D:9      | Bought a potion of curing for 36 gold pieces
  6398 | D:9      | Bought a potion of haste for 120 gold pieces
  6398 | D:9      | Bought a potion of mutation for 96 gold pieces
  6398 | D:9      | Bought a potion of mutation for 96 gold pieces
  6398 | D:9      | Lost mutation: You occasionally shout uncontrollably at
                  | your foes. [potion of mutation]
  6398 | D:9      | Lost mutation: Your flesh is cold resistant. (rC+) [potion
                  | of mutation]
  6398 | D:9      | Lost mutation: You possess an exceptional clarity of mind.
                  | [potion of mutation]
  6398 | D:9      | Gained mutation: You have sharp toenails. [potion of
                  | mutation]
  6398 | D:9      | Gained mutation: You have razor-sharp toenails. [potion of
                  | mutation]
  6398 | D:9      | Gained mutation: Your spells are a little easier to cast,
                  | but a little less powerful. [potion of mutation]
  6398 | D:9      | Gained mutation: You passively map a small area around you.
                  | [potion of mutation]
  6414 | D:9      | Lost mutation: You have razor-sharp toenails. [potion of
                  | mutation]
  6414 | D:9      | Lost mutation: You passively map a small area around you.
                  | [potion of mutation]
  6414 | D:9      | Gained mutation: You are agile. (Dex +4, Str/Int -1)
                  | [potion of mutation]
  6414 | D:9      | Gained mutation: You are weak. (Str -2) [potion of
                  | mutation]
  6487 | D:9      | Reached skill level 1 in Invocations
  6487 | D:9      | Reached skill level 1 in Evocations
  6566 | D:9      | Found a transporter.
  6582 | D:9      | Reached ** piety under Okawaru
  6723 | D:9      | Noticed a two-headed ogre
  6734 | D:9      | Killed a two-headed ogre
  6852 | D:9      | Slain by an acid dragon

Illustrated notes

Levels and vault maps discovered:
D:1:      amcnicky_arrival_double_pillar, layout_basic,
          dreamdust_princess_bridge, minmay_misc_feat_doors
D:2:      layout_basic, shapermc_ecumenical_altar_venn, uniq_robin
D:3:      layout_loops_ring, serial_rivers, chequers_serial_rivers_small_a,
          chequers_serial_rivers_small_b, chequers_serial_rivers_small_3,
          chequers_serial_rivers_small_b
D:4:      layout_basic, mainiacjoe_overflow_chevrons,
          cheibrodos_sewer_entry_bend, minmay_misc_feat_tower,
          nicolae_kite_square_tiling_tiny
D:5:      layout_gridville, serial_shops, shop, uniq_pikel, uniq_prince_ribbit1,
          uniq_duvessa
D:6:      layout_cave_pools, minmay_stone_trees_small, uniq_grinder
D:7:      layout_gridville, okawaru_ov_weapons_minmay, temple_pool_b,
          uniq_joseph
D:8:      layout_cave_pools, gammafunk_temple_overflow_elements,
          serial_nicolae_subway, nicolae_sub_station_metal,
          nicolae_sub_station_stone, nicolae_sub_station_crystal, uniq_maurice
D:9:      layout_loops_corners, gammafunk_temple_overflow_arena, serial_shops,
          nicolae_diamond_shop

Skill      XL: |  1  2  3  4  5  6  7  8  9 10 11 |
---------------+----------------------------------+-----
Armour         | 1 2 3 4 5 6 7 |  7.5
Fighting       | 3 4 5 |  5.1
Dodging        | 4 5 6 7 |  7.6
Long Blades    | 4 5 6 8 |  8.7
Throwing       | 3 6 7 |  7.8
Invocations    | 4 |  4.2
Evocations     | 3 |  3.9

Action                     |  1- 3 |  4- 6 |  7- 9 | 10-12 || total
---------------------------+-------+-------+-------+-------++-------
  Melee: Long sword        |    68 |   207 |   232 |   305 ||   812
         Punch             |       |     3 |     5 |     6 ||    14
         Kick              |       |       |       |    36 ||    36
  Throw: Javelin           |     2 |    11 |    37 |    37 ||    87
         Throwing net      |       |     3 |     5 |     4 ||    12
  Evoke: Wand              |       |       |       |     1 ||     1
    Use: Scroll            |     2 |    10 |     2 |     3 ||    17
         Potion            |       |     1 |     7 |     6 ||    14
   Stab: Sleeping          |       |     1 |     1 |     1 ||     3
         Held in net/web   |       |     2 |       |     6 ||     8
 Armour: Leather armour    |    18 |     3 |       |       ||    21
         Chain mail        |       |   104 |     7 |       ||   111
         Ring mail         |       |       |    88 |   160 ||   248
  Dodge: Dodged            |    45 |    88 |   242 |   354 ||   729
